Description

Build used by Zoun against soO in GSL on Eternal Empire.

4 gate gladept opening -> disruptor drops -> 2 colossi, extended thermal lance, +1 weapons, blink timing on 3 bases.

Constant prob production throughout. Slight pause at ~6mins before 3rd Nexus goes up. Unclear if this is accidental - likely intentional to squeeze out units and nexus.

Most chrono usage isn't observed but is noted where known.

Provided to give the outline of the timings of the play and transition. However, the build is copied exactly as played so supply takes into account unit losses and may contain idiosyncrasies specific to the match.

Note that I stop recording gateway units after the 3rd nexus is put down. The nexus got cancelled by a ling counter so any timings after the 3rd nexus are only rough. The composition of the army changes after the Nexus is placed - after an extra round of adepts, start adding a handful of sentries to your army first then add in the stalkers leading up to the push.

VOD

https://youtu.be/RjbmlktqF8s?t=4295

Build Order

Get SALT Encoding   

  14  00:17  Pylon  
  16  00:38  Gateway  
  17  00:48  Assimilator  
  20  1:24  Nexus  Slight probe cut
  20  1:35  Cybernetics Core  Resume probes
  21  1:42  Assimilator  
  22  1:53  Pylon  
  23  2:10  Adept (Chrono Boost)  
  25  2:11  Warp Gate  
  26  2:20  Twilight Council  
  27  2:31  Stalker (Chrono Boost)  
  32  2:48  Robotics Facility  
  36  3:11  Resonating Glaives  
  36  3:15  Gateway  
  36  3:16  Adept  
  40  3:30  Gateway x2  
  40  3:40  Warp Prism  
  42  3:45  Pylon  
  44  3:53  Shield Battery  Behind the front wall. Used to keep stalker alive in case of ling counter.
  46  4:04  Adept  
  48  4:06  Observer  
  48  4:07  Adept  Pick up 3 adepts in prism and move out
  52  4:15  Pylon x2  
  54  4:35  Adept x4  Warp in outside creep and start pushing/harassing
  62  4:36  Assimilator  
  62  4:37  Pylon  
  62  4:41  Assimilator  
  61  4:54  Adept x4  
  70  5:04  Robotics Bay  
  65  5:12  Pylon  
  67  5:13  Adept x3  Warp in away from main group - Push main and 3rd simultaneously
  64  5:33  Pylon  
  64  5:34  Adept x4  
  68  5:52  Disruptor  
  71  5:54  Adept x4  Slight probe cut
  79  6:01  Gravitic Drive (Chrono Boost)  
  79  6:04  Pylon  
  79  6:16  Adept x4  
  88  6:24  Disruptor  
  88  6:28  Nexus  Probes resume
  88  6:31  Pylon  
  84  6:43  Forge  
  88  7:03  Immortal  
  99  7:22  Protoss Ground Weapons Level 1  
  99  7:23  Extended Thermal Lance  
  99  7:41  Colossus  
  106  8:02  Blink  
  106  8:03  Gateway x2  
  108  8:16  Gateway x2  
  109  8:24  Colossus  
  118  8:28  Assimilator  
  119  8:33  Assimilator  
  121  8:40  Gateway x2  
  126  8:58  Probe  last probe finishes - likely at saturation of 3rd
  126  9:04  Pylon x2  
  126  09:04  Pylon x2  
  132  9:23  Photon Cannon x2  One in 3rd mineral line - 2nd unknown
  150  9:45  Stalker  Blink finishes, start pushing at 4th
Spawning Tool Build Advisor. Get it on Overwolf

Go to:

Details

  • Created by: Wee_AL
  • Published on: Sep 12, 2020
  • Modified on: Sep 12, 2020
  • Patch: 4.11.0
  • Difficulty: Medium
Show
View Real Time Build Order
Export as new Build Order

Comments (0)

There are no comments. Be the first!

Create an account to comment!